 Dungeon Crawl Stone Soup version 0.19.4-8-ga85b6b9 (webtiles) character file.

86137 Jerry the Severer (level 15, -3/138 HPs)
             Began as a Minotaur Fighter on Feb 10, 2017.
             Was the Champion of Kikubaaqudgha.
             Slain by a thorn hunter (12 damage)
             ... on level 2 of the Swamp on Feb 11, 2017.
             The game lasted 01:42:15 (29851 turns).

Jerry the Severer (Minotaur Fighter)               Turns: 29851, Time: 01:42:16

Health: -3/138     AC: 24    Str: 19 (20) XL:     15   Next: 40%
Magic:  18/18      EV: 11    Int:  9 (10) God:    Kikubaaqudgha [******]
Gold:   657        SH:  0    Dex: 12      Spells: 6 memorised, 6 levels left

rFire  + . .     SeeInvis .     Q - +5 battleaxe (flame)
rCold  + + .     Gourm    .     K - +1 plate armour {rC+}
rNeg   . . .     Faith    .     (shield currently unavailable)
rPois  +         Spirit   .     (helmet unavailable)
rElec  +         Reflect  .     y - +2 cloak
rCorr  .         Harm     .     (no gloves)
MR     ++...     NoTele   +     s - +0 pair of boots "Enaol" {-Tele rElec rC+ Slay+2}
Stlth  ..........               D - amulet of rage
                                G - ring of poison resistance
                                S - ring of protection from fire

@: no status effects
A: retaliatory headbutt, horns 3, rugged brown scales 1, deterioration 1, magic
resistance 1
a: Receive Corpses, Torment, Brand Weapon With Pain, Receive Necronomicon,
Renounce Religion, Evoke Berserk Rage


You were on level 2 of the Swamp.
You worshipped Kikubaaqudgha.
Kikubaaqudgha was exalted by your worship.
You were hungry.

You visited 5 branches of the dungeon, and saw 24 of its levels.
You also visited: Volcano.

You collected 2175 gold pieces.
You spent 1518 gold pieces at shops.

Inventory:

Hand Weapons
 Q - a +5 battleaxe of flaming (weapon)
 W - a +5 broad axe of chopping
Missiles
 t - 39 bolts
Armour
 c - a +0 buckler
 s - the +0 pair of boots "Enaol" (worn) {-Tele rElec rC+ Slay+2}
   (You acquired it on level 10 of the Dungeon)

   It affects your accuracy and damage with ranged weapons and melee attacks
   (+2).
   It protects you from cold.
   It insulates you from electricity.
   It prevents most forms of teleportation.
 y - a +2 cloak (worn)
 K - a +1 plate armour of cold resistance (worn)
 R - the +3 crown of Dyrovepreva {rElec Int+2 SInv}
   (You bought it in a shop on level 4 of the Dungeon)

   It affects your intelligence (+2).
   It insulates you from electricity.
   It lets you see invisible.
Jewellery
 h - an uncursed ring of positive energy
 v - an uncursed ring of flight
 D - an amulet of rage (around neck)
 F - an uncursed ring of protection from cold
 G - a ring of poison resistance (right hand)
 S - a ring of protection from fire (left hand)
Wands
 d - a wand of confusion (14/48)
 B - a wand of polymorph (8/24)
 E - a wand of heal wounds (4/9)
 I - a wand of disintegration (7/24)
 O - a wand of iceblast (8/15)
 U - a wand of teleportation (9/9)
 Y - a wand of acid (6/15)
Scrolls
 a - a scroll of enchant armour
 g - a scroll of fear
 i - a scroll of enchant weapon
 l - 7 scrolls of remove curse
 n - 11 scrolls of teleportation
 p - a scroll of brand weapon {unknown}
 q - 2 scrolls of immolation
 u - 9 scrolls of amnesia
 x - a scroll of identify
 L - a scroll of recharging
 M - 2 scrolls of blinking
 P - 3 scrolls of fog
Potions
 b - 3 potions of invisibility
 e - 8 potions of curing
 j - 3 potions of resistance
 m - a potion of might
 r - 3 potions of heal wounds
 w - a potion of ambrosia
 z - 4 potions of agility {unknown}
 N - 6 potions of flight {unknown}
 T - a potion of haste
 V - 3 potions of berserk rage {unknown}
Books
 o - a book of Party Tricks

   Spells                             Type                      Level
   a - Summon Butterflies             Summoning                    1
   b - Apportation                    Translocation                1
   c - Lesser Beckoning               Translocation                3
   d - Tukima's Dance                 Hexes                        3
   e - Alistair's Intoxication        Transmutation/Poison         5
   f - Invisibility                   Hexes                        6
Comestibles
 f - 16 bread rations
 k - 32 fruits
 A - 7 meat rations


   Skills:
 + Level 12.9 Fighting
 + Level 20.5 Axes
 + Level 15.9 Armour
 + Level 10.6 Dodging
 - Level 4.1 Shields
 + Level 2.9 Spellcasting
 + Level 3.0 Necromancy


You had 6 spell levels left.
You knew the following spells:

 Your Spells              Type           Power        Failure   Level  Hunger
a - Animate Skeleton      Necr           N/A          92%         1    ##.....
b - Corpse Rot            Necr           N/A          98%         2    ###....
c - Sublimation of Blood  Necr           #.........   98%         2    ###....
d - Vampiric Draining     Necr           #.........   100%        3    ####...
e - Repel Missiles        Chrm/Air       #.....       100%        2    ###....
f - Regeneration          Chrm/Necr      #.........   100%        3    ####...


Dungeon Overview and Level Annotations

Branches:
Dungeon (13/15)            Temple (1/1) D:7            Lair (6/6) D:8
  Swamp (2/4) Lair:3       Spider (0/4) Lair:3        Slime (0/5) Lair:5
    Orc (2/2) D:11            Elf (0/3) Orc:2
 Vaults: D:13-14

Altars:
Ashenzari
Cheibriados
Dithmenos
Elyvilon
Fedhas
Gozag
Hepliaklqana
Kikubaaqudgha
Makhleb
Nemelex Xobeh
Okawaru
Qazlal
Ru
Sif Muna
Trog
Uskayaw
Vehumet
Xom
Yredelemnul
Zin
The Shining One
Beogh

Shops:
D:4 (***   D:7 *   D:12 (:[}   Orc:2 ?*(*


Innate Abilities, Weirdness & Mutations

You reflexively headbutt those who attack you in melee.
You have a pair of large horns on your head.
You are partially covered in rugged brown scales. (AC +1, +3% HP)
Your body sometimes deteriorates upon taking damage.
You are resistant to hostile enchantments. (MR+)


Message History

The thorn hunter fires a volley of thorns at you.
The volley of thorns hits you!
* * * LOW HITPOINT WARNING * * *
You hit the thorn hunter but do no damage.
Your headbutt misses the thorn hunter.
The thorn hunter is almost destroyed.
You slash the briar patch! You burn the briar patch.
You destroy the briar patch!
You hit the briar patch. You burn the briar patch.
You destroy the briar patch!
The thorn hunter fires a volley of thorns at you.
The volley of thorns hits you!
* * * LOW HITPOINT WARNING * * *
You hit the thorn hunter but do no damage.
The thorn hunter is almost destroyed.
The thorn hunter hits you.
* * * LOW HITPOINT WARNING * * *
The thorn hunter hits you!
You die...
Kikubaaqudgha rasps: "You have failed me!
Welcome... death!"

♣♣♣♣♣♣♣♣♣♣♣♣♣♣♣♣
♣♣♣♣....♣≈<..PP...♣♣
....≈≈≈≈.>≈≈≈PP≈≈≈.♣♣♣
...≈≈≈≈≈§≈≈≈≈P≈≈f≈..$♣
≈.§≈≈≈≈.≈≈≈..P§@♣♣
..≈.≈≈≈.≈≈≈.≈...♣♣P≈.
.♣.≈.≈≈≈.≈≈...PPPPP≈.♣
♣♣≈.≈≈≈≈≈≈≈≈....≈♣♣♣≈
♣♣≈≈...≈≈≈≈§§≈.♣♣
♣♣♣♣≈≈.≈≈≈≈≈≈.♣
≈≈♣♣≈♣♣.≈..♣♣
≈≈......≈≈≈≈♣
....../..≈≈≈♣♣


You could see a thorn hunter.

Vanquished Creatures
  Snorg (Lair:4)
  An ettin (Orc:1)
  The ghost of Dickchan the Cleaver, a journeyman HOFi of Uskayaw (D:11)
  The ghost of Jerry the Cleaver, a journeyman MiFi of Kikubaaqudgha (D:10)
  Fannar (Lair:1)
  9 hydras
  3 catoblepae (Lair:6)
  2 alligators (Swamp:1)
  11 death yaks
  5 orc high priests (Orc:2)
  An unseen horror (D:11)
  A swamp dragon (Swamp:1)
  7 orc knights
  5 hill giants
  2 lindwurms (Volcano)
  2 deep elf magi (D:12)
  3 ugly things
  An orc sorcerer (Orc:1)
  4 cyclopes
  A toenail golem (Volcano)
  Joseph (D:8)
  3 molten gargoyles (Volcano)
  9 elephants
  A black mamba (Lair:6)
  A gargoyle (D:11)
  A centaur zombie (D:12)
  A torpor snail (Lair:5)
  14 spiny frogs
  A kobold demonologist (D:10)
  2 rime drakes
  3 efreet (Volcano)
  5 komodo dragons
  The ghost of Jerry the Chopper, an amateur MiGl (D:3)
  2 hornets
  3 trolls
  3 jumping spiders (Lair:3)
  A polar bear (Lair:6)
  31 blink frogs
  5 slime creatures (Swamp:1)
  12 dream sheep
  11 hippogriffs
  A shadow (D:11)
  4 redbacks (Lair:3)
  A spriggan (D:7)
  A water elemental (D:11)
  47 yaks
  9 basilisks
  Grum (D:9)
  3 fire elementals (Volcano)
  17 vampire mosquitoes
  2 hungry ghosts
  2 swamp worms
  9 water moccasins
  5 wargs
  6 porcupines
  2 ice beasts
  2 sky beasts
  3 swamp drakes (Swamp:1)
  3 black bears
  30 orc warriors
  3 necrophages
  3 phantoms
  8 wolves
  18 ogres
  3 centaurs
  14 crocodiles
  2 big kobolds
  2 earth elementals (Volcano)
  15 bullfrogs
  A wyvern zombie (D:8)
  3 scorpions
  10 killer bees
  7 electric eels
  A bullfrog zombie (D:10)
  8 howler monkeys
  3 crimson imps
  A quasit (D:11)
  4 hounds
  3 jellies
  22 orc priests
  2 centaur skeletons
  3 iguanas
  Terence (D:2)
  13 orc wizards
  7 worker ants
  A hound zombie (D:6)
  2 hound skeletons (D:8)
  A howler monkey zombie (D:7)
  A worker ant zombie (D:7)
  19 gnolls
  A howler monkey skeleton (D:7)
  19 adders
  3 shadow imps
  4 oozes
  3 worms
  4 dart slugs
  6 leopard geckos
  75 orcs
  2 ball pythons
  8 bats
  5 giant cockroaches
  10 goblins
  10 hobgoblins
  12 jackals
  22 kobolds
  4 quokkas
  5 frilled lizards
  A jackal skeleton (D:8)
  A jackal zombie (D:7)
  A quokka skeleton (D:4)
  A quokka zombie (D:7)
  8 rats
  5 briar patches (Swamp:2)
  A fire vortex (Volcano)
  7 fungi
  5 plants
725 creatures vanquished.

Vanquished Creatures (others)
  A fire vortex (Volcano)
  16 fungi
  12 plants
29 creatures vanquished.

Grand Total: 754 creatures vanquished

Notes
Turn   | Place    | Note
-------+----------+-------------------------------------------
     0 | D:1      | Jerry the Minotaur Fighter began the quest for the Orb.
     0 | D:1      | Reached XP level 1. HP: 19/19 MP: 0/0
    31 | D:1      | Reached skill level 3 in Axes
    33 | D:1      | Reached XP level 2. HP: 23/27 MP: 1/1
   238 | D:1      | You fall through a shaft!
   255 | D:2      | Reached XP level 3. HP: 33/33 MP: 2/2
  1074 | D:2      | Reached skill level 4 in Axes
  1117 | D:2      | Noticed Terence
  1266 | D:2      | Found a shadowy altar of Dithmenos.
  1268 | D:2      | Found a basalt altar of Yredelemnul.
  1270 | D:2      | Found a shimmering altar of Xom.
  1270 | D:2      | Found a white marble altar of Elyvilon.
  1271 | D:2      | Found a glowing silver altar of Zin.
  1271 | D:2      | Found a snail-covered altar of Cheibriados.
  1271 | D:2      | Found a stormy altar of Qazlal.
  1328 | D:2      | Reached XP level 4. HP: 39/40 MP: 3/3
  1369 | D:2      | Killed Terence
  1590 | D:2      | Reached XP level 5. HP: 46/47 MP: 4/4
  1801 | D:2      | Reached skill level 5 in Axes
  2598 | D:3      | Noticed Jerry's ghost (amateur MiGl)
  2649 | D:3      | Killed Jerry's ghost
  2649 | D:3      | Reached skill level 5 in Fighting
  2649 | D:3      | Reached skill level 6 in Axes
  2649 | D:3      | Reached skill level 5 in Armour
  2649 | D:3      | Reached XP level 6. HP: 14/56 MP: 3/5
  3325 | D:4      | Reached XP level 7. HP: 61/62 MP: 6/6
  3427 | D:4      | Found Repriynua's General Store.
  3436 | D:4      | Found a burning altar of Makhleb.
  3565 | D:4      | Found Voido's Assorted Antiques.
  3616 | D:4      | Reached skill level 7 in Axes
  3681 | D:4      | Found Meimo's Assorted Antiques.
  3883 | D:4      | Found Lotzybil's Antique Weapon Emporium.
  4119 | D:5      | Entered Level 5 of the Dungeon
  4645 | D:5      | Reached skill level 8 in Axes
  4807 | D:5      | Reached XP level 8. HP: 71/71 MP: 7/7
  5193 | D:5      | Found a deep blue altar of Sif Muna.
  5199 | D:5      | Found an iron altar of Okawaru.
  5293 | D:6      | Reached skill level 9 in Axes
  5957 | D:7      | Reached skill level 10 in Axes
  5961 | D:7      | Found a staircase to the Ecumenical Temple.
  6051 | D:7      | Reached XP level 9. HP: 68/80 MP: 8/8
  6081 | D:7      | Found Riesh's Assorted Antiques.
  6179 | Temple   | Entered the Ecumenical Temple
  6585 | Temple   | Became a worshipper of Kikubaaqudgha
  7064 | D:8      | Found a deep blue altar of Sif Muna.
  7157 | D:8      | Reached skill level 11 in Axes
  7645 | D:8      | Reached * piety under Kikubaaqudgha
  7645 | D:8      | Identified Kikubaaqudgha's Volume of Necromancy (Kikubaaqudgha gifted it to you on level 8 of the Dungeon)
  7645 | D:8      | Received a gift from Kikubaaqudgha
  8019 | D:8      | Found a staircase to the Lair.
  8261 | D:8      | Noticed Joseph
  8266 | D:8      | Killed Joseph
  8266 | D:8      | Reached skill level 12 in Axes
  8273 | D:8      | Reached XP level 10. HP: 89/89 MP: 9/9
  8284 | D:8      | Gained mutation: You have an increased reservoir of magic. (+10% MP) [mutagenic meat]
  8285 | D:8      | Gained mutation: You expend magic power (3 MP) to strengthen your wands. [mutagenic meat]
  8289 | D:8      | Got a pair of fine boots
  8290 | D:8      | Identified the +0 pair of boots of Marbles {Str+3} (You found it on level 8 of the Dungeon)
  8370 | D:8      | Learned a level 1 spell: Animate Skeleton
  9302 | D:9      | Noticed Grum
  9311 | D:9      | Reached ** piety under Kikubaaqudgha
  9316 | D:9      | Killed Grum
  9525 | D:9      | Noticed a deep troll
  9526 | D:9      | Noticed an orb spider
  9530 | D:9      | Noticed a cyclops
  9531 | D:9      | Noticed a death yak
  9628 | D:9      | Learned a level 2 spell: Corpse Rot
  9631 | D:9      | Learned a level 2 spell: Sublimation of Blood
  9635 | D:9      | Learned a level 3 spell: Vampiric Draining
  9764 | D:9      | Reached skill level 10 in Fighting
  9961 | D:9      | Reached skill level 13 in Axes
 10093 | D:10     | Entered Level 10 of the Dungeon
 10117 | D:10     | Noticed a hill giant
 10118 | D:10     | Noticed a hill giant
 10127 | D:10     | Killed a hill giant
 10127 | D:10     | Reached skill level 10 in Armour
 10129 | D:10     | Killed a hill giant
 10453 | D:10     | Identified a scroll of acquirement
 10454 | D:10     | Got a pair of slimy boots
 10465 | D:10     | Identified the +0 pair of boots "Enaol" {-Tele rElec rC+ Slay+2} (You acquired it on level 10 of the Dungeon)
 10494 | D:10     | Noticed Jerry's ghost (journeyman MiFi)
 10556 | D:10     | Killed Jerry's ghost
 10804 | D:10     | Noticed a green ugly thing
 10811 | D:10     | Killed a green ugly thing
 10811 | D:10     | Reached XP level 11. HP: 82/99 MP: 11/11
 10820 | D:10     | Noticed a soul eater
 10827 | D:10     | Reached skill level 14 in Axes
 11920 | Lair:1   | Entered Level 1 of the Lair of Beasts
 11932 | Lair:1   | Reached *** piety under Kikubaaqudgha
 11932 | Lair:1   | Identified Kikubaaqudgha's Disquisition on Darkness (Kikubaaqudgha gifted it to you on level 1 of the Lair of Beasts)
 11932 | Lair:1   | Received a gift from Kikubaaqudgha
 12012 | Lair:1   | Noticed an eight-headed hydra
 12025 | Lair:1   | Killed a five-headed hydra
 12366 | Lair:1   | Noticed an eight-headed hydra
 12378 | Lair:1   | Killed a five-headed hydra
 12378 | Lair:1   | Reached skill level 15 in Axes
 12594 | Lair:1   | Noticed Fannar
 12616 | Lair:1   | Killed Fannar
 12993 | D:4      | Bought the +3 crown of Dyrovepreva {rElec Int+2 SInv} for 579 gold pieces
 13141 | D:11     | Noticed an unseen horror
 13157 | D:11     | Killed an unseen horror
 13214 | D:11     | Noticed Dickchan's ghost (journeyman HOFi)
 13231 | D:11     | Noticed a hill giant
 13238 | D:11     | Killed Dickchan's ghost
 13243 | D:11     | Killed a hill giant
 13243 | D:11     | Reached skill level 1 in Spellcasting
 13243 | D:11     | Reached skill level 1 in Necromancy
 13537 | D:11     | Noticed a five-headed hydra
 13541 | D:11     | Killed a two-headed hydra
 13541 | D:11     | Reached XP level 12. HP: 82/110 MP: 12/14
 13802 | D:11     | Found a staircase to the Orcish Mines.
 13829 | D:11     | Found a roughly hewn altar of Beogh.
 14063 | D:11     | Reached **** piety under Kikubaaqudgha
 14673 | D:11     | Reached skill level 16 in Axes
 14673 | D:11     | Reached skill level 1 in Dodging
 15083 | D:12     | Found Neisuhee's Book Shoppe.
 15531 | D:12     | Found Dotall's Armour Boutique.
 15531 | D:12     | Found Qunkekk's Antique Weapon Shoppe.
 15700 | D:12     | Found Mowal's Gadget Shop.
 15944 | D:13     | Noticed a tengu warrior
 16328 | Lair:2   | Learned a level 2 spell: Repel Missiles
 16332 | Lair:2   | Learned a level 3 spell: Regeneration
 16639 | Lair:2   | Reached skill level 17 in Axes
 17108 | Lair:3   | Found a staircase to the Swamp.
 17215 | Lair:3   | Found a dark tunnel.
 17227 | Volcano  | Entered a volcano
 17254 | Volcano  | Reached ***** piety under Kikubaaqudgha
 17619 | Volcano  | Reached XP level 13. HP: 85/116 MP: 16/16
 18160 | Volcano  | Reached skill level 5 in Dodging
 19246 | Lair:3   | Found a hole to the Spider Nest.
 19684 | Lair:4   | Noticed Snorg
 19703 | Lair:4   | Killed Snorg
 19703 | Lair:4   | Reached skill level 18 in Axes
 21153 | Lair:5   | Found a staircase to the Slime Pits.
 22237 | Lair:6   | Entered Level 6 of the Lair of Beasts
 22245 | Lair:6   | Reached XP level 14. HP: 124/124 MP: 17/17
 22252 | Lair:6   | Reached ****** piety under Kikubaaqudgha
 22300 | Lair:6   | Reached skill level 19 in Axes
 23621 | Lair:6   | Reached skill level 15 in Armour
 23747 | Lair:6   | Reached skill level 20 in Axes
 24735 | Orc:1    | Entered Level 1 of the Orcish Mines
 24867 | Orc:2    | Entered Level 2 of the Orcish Mines
 25998 | Orc:1    | Found a roughly hewn altar of Beogh.
 26048 | Orc:1    | Reached skill level 10 in Dodging
 26193 | Orc:2    | Found a staircase to the Elven Halls.
 26774 | Orc:2    | Reached XP level 15. HP: 130/134 MP: 18/18
 28229 | Orc:2    | Gained mutation: Your body sometimes deteriorates upon taking damage. [a neqoxec]
 28249 | Orc:2    | Gained mutation: You are dopey. (Int -2) [a neqoxec]
 28253 | Orc:2    | Gained mutation: Your body often deteriorates upon taking damage. [a neqoxec]
 28254 | Orc:2    | Gained mutation: You are frail. (-10% HP) [a neqoxec]
 28287 | Orc:2    | Found Ekelych's Magic Scroll Shoppe.
 28287 | Orc:2    | Found Fugif's General Store.
 28290 | Orc:2    | Found Rastroxt's Antique Weapon Shoppe.
 28290 | Orc:2    | Found Amyomu's Assorted Antiques.
 28298 | Orc:2    | Bought a scroll labeled IKLYIR LIEFF for 29 gold pieces
 28299 | Orc:2    | Bought a scroll of identify for 22 gold pieces
 28299 | Orc:2    | Bought a scroll of identify for 22 gold pieces
 28303 | Orc:2    | Bought a +1 plate armour of cold resistance for 350 gold pieces
 28318 | Orc:2    | Bought a scroll of enchant weapon for 82 gold pieces
 28319 | Orc:2    | Bought a glowing broad axe for 290 gold pieces
 28332 | Orc:2    | Gained mutation: You have a pair of large horns on your head. [potion of mutation]
 28332 | Orc:2    | Gained mutation: Your muscles are strong. (Str +2) [potion of mutation]
 28332 | Orc:2    | Gained mutation: Scrolls take you a little longer to read. [potion of mutation]
 28333 | Orc:2    | Gained mutation: You are partially covered in rugged brown scales. (AC +1, +3% HP) [potion of mutation]
 28333 | Orc:2    | Lost mutation: You are frail. (-10% HP) [potion of mutation]
 28333 | Orc:2    | Lost mutation: You expend magic power (3 MP) to strengthen your wands. [potion of mutation]
 28556 | Swamp:1  | Entered Level 1 of the Swamp
 28694 | D:7      | Bought a potion of mutation for 80 gold pieces
 28694 | D:7      | Bought a scroll of identify for 64 gold pieces
 28696 | D:7      | Gained mutation: Your spells are a little harder to cast, but a little more powerful. [potion of mutation]
 28696 | D:7      | Lost mutation: You have an increased reservoir of magic. (+10% MP) [potion of mutation]
 28696 | D:7      | Gained mutation: You are resistant to hostile enchantments. (MR+) [potion of mutation]
 28697 | D:7      | Lost mutation: You are dopey. (Int -2) [potion of cure mutation]
 28697 | D:7      | Lost mutation: Your spells are a little harder to cast, but a little more powerful. [potion of cure mutation]
 28697 | D:7      | Lost mutation: Your body often deteriorates upon taking damage. [potion of cure mutation]
 28697 | D:7      | Lost mutation: Scrolls take you a little longer to read. [potion of cure mutation]
 28697 | D:7      | Lost mutation: Your muscles are strong. (Str +2) [potion of cure mutation]
 29840 | Swamp:2  | Noticed a thorn hunter
 29851 | Swamp:2  | Slain by a thorn hunter

Skill      XL: |  1  2  3  4  5  6  7  8  9 10 11 12 13 14 15 |
---------------+----------------------------------------------+-----
Axes           | 3 4 6 8 10 12 13 15 17 18 20 | 20.5
Fighting       | 4 5 6 7 9 10 12 | 12.9
Shields        | 4 |  4.1
Armour         | 4 5 6 7 9 10 11 13 14 15 | 15.9
Spellcasting   | 1 2 |  2.9
Necromancy     | 1 2 3 |  3.0
Dodging        | 4 8 10 | 10.6

Action                   |  1- 3 |  4- 6 |  7- 9 | 10-12 | 13-15 || total
-------------------------+-------+-------+-------+-------+-------++-------
Melee: War axe           |   115 |   130 |    68 |       |       ||   313
       Headbutt          |    12 |    25 |    63 |    82 |   165 ||   347
       Trident           |       |       |   269 |       |       ||   269
       Battleaxe         |       |       |    71 |   511 |   850 ||  1432
 Abil: Evoke Flight      |       |     1 |       |       |     1 ||     2
       Evoke Berserk Rag |       |       |       |     4 |     1 ||     5
Evoke: Wand              |       |       |       |     2 |       ||     2
  Use: Potion            |       |     1 |     2 |       |     5 ||     8
       Scroll            |       |     2 |     8 |    16 |    11 ||    37
  Eat: Chunk             |     2 |     6 |    17 |    27 |    35 ||    87
       Fruit             |       |       |     1 |       |       ||     1
       Pizza             |       |       |       |     2 |       ||     2
       Meat ration       |       |       |       |     1 |       ||     1
       Beef jerky        |       |       |       |     1 |     3 ||     4
Armor: Scale mail        |    64 |    50 |       |       |       ||   114
       Plate armour      |       |       |   259 |   351 |   455 ||  1065
       Mottled dragon sc |       |       |    10 |       |       ||    10
Dodge: Dodged            |    43 |    60 |   124 |   166 |   339 ||   732
Block: Shield            |    62 |       |       |       |       ||    62
